 Dungeon Crawl Stone Soup version 0.24-a0-350-g5b3daab8ba (webtiles) character file.

Game seed: 3721374215650324919

37 kaladindcss the Conjurer (level 3, -1/26 HPs)
             Began as a Draconian Conjurer on May 23, 2019.
             Slain by a worm (10 damage)
             ... on level 2 of the Dungeon.
             The game lasted 00:02:55 (1761 turns).

kaladindcss the Conjurer (Draconian Conjurer)       Turns: 1761, Time: 00:02:55

Health: -1/26      AC:  5    Str: 10    XL:     3   Next: 21%
Magic:  0/6        EV: 12    Int: 16    God:
Gold:   67         SH:  0    Dex: 11    Spells: 5/6 levels left

rFire    . . .     SeeInvis .   f - +0 club
rCold    . . .     Gourm    .   (no shield)
rNeg     . . .     Faith    .   (armour unavailable)
rPois    .         Spirit   .   (helmet restricted)
rElec    .         Reflect  .   (no cloak)
rCorr    .         Harm     .   (no gloves)
MR       .....                  (no boots)
Stlth    ++........             (no amulet)
HPRegen  0.08/turn              (no ring)
MPRegen  0.10/turn              (no ring)

@: no status effects
A: unfitting armour, cold-blooded, AC +5
a: no special abilities


You were on level 2 of the Dungeon.
You were hungry.

You visited 1 branch of the dungeon, and saw 2 of its levels.

You collected 67 gold pieces.

Inventory:

Hand Weapons
 f - a +0 club (weapon)
Scrolls
 c - a scroll of enchant weapon {unknown}
 h - a scroll of amnesia {unknown}
 i - a scroll of identify {unknown}
Potions
 a - a potion of heal wounds {unknown}
 d - a potion of haste {unknown}
 e - a potion of resistance {unknown}
 g - 2 potions of cancellation {unknown}
 j - a potion of flight {unknown}
Comestibles
 b - 3 rations
 k - a chunk of flesh


   Skills:
 - Level 1.8 Dodging
 - Level 1.7 Stealth
 - Level 0.1 Unarmed Combat
 + Level 2.2 Spellcasting
 + Level 4.9 Conjurations


You had 5 spell levels left.
You knew the following spells:

 Your Spells              Type           Power        Failure   Level  Hunger
a - Magic Dart            Conj           ###.         2%          1    #......

Your spell library contained the following spells:

 Spells                   Type           Power        Failure   Level  Hunger
 Searing Ray              Conj           ###...       4%          2    ###....
 Dazzling Spray           Conj/Hex       #.....       22%         3    ###....
 Iskenderun's Mystic Bla  Conj           ###.....     26%         4    #####..
 Force Lance              Conj/Tloc      #.......     58%         4    #####..
 Fulminant Prism          Conj/Hex       #.........   58%         4    #####..


Dungeon Overview and Level Annotations

Branches:
Dungeon (2/15)

Altars:


Innate Abilities, Weirdness & Mutations

Your plain brown scales are hard. (AC +5)
You cannot fit into any form of body armour.
You are cold-blooded and may be slowed by cold attacks.


Message History

Confirm with . or Enter, or press ? or * to list all spells.
You don't have enough magic to cast that spell.
You hit the worm but do no damage.
The worm is heavily wounded.
You are feeling hungry.
You hit the worm.
The worm is severely wounded.
The worm closely misses you.
You hit the worm but do no damage.
The worm is heavily wounded.
The worm bites you but does no damage.
Casting: Magic Dart (safe; 2% risk of failure)
Confirm with . or Enter, or press ? or * to list all spells.
Aiming: Magic Dart (safe; 2% risk of failure)
Press: ? - help, Shift-Dir - straight line, f/p - worm
Aim: a worm (heavily wounded)
The magic dart hits the worm but does no damage.
The worm is heavily wounded.
The worm bites you!
You die...

#############
#<..........#
###########.#
#.# # #.#
#.##.########
#............
.######.#######.
......w@.....#
#.....#.####.#
#.....#.# .....
+.# #.... ###
#... #...


You could see a worm.

Vanquished Creatures
  A dart slug (D:1)
  4 leopard geckos (D:1)
  A ball python (D:1)
  2 giant cockroaches (D:1)
  6 goblins (D:1)
  4 hobgoblins (D:1)
  2 kobolds (D:1)
  3 bats (D:1)
  3 frilled lizards (D:1)
  A rat (D:1)
27 creatures vanquished.

Notes
Turn   | Place    | Note
-------+----------+-------------------------------------------
     0 | D:1      | kaladindcss the Draconian Conjurer began the quest for the
                  | Orb.
     0 | D:1      | Reached XP level 1. HP: 14/14 MP: 3/3
   233 | D:1      | Reached XP level 2. HP: 7/20 MP: 0/5
  1249 | D:1      | Reached XP level 3. HP: 26/26 MP: 4/6
  1761 | D:2      | Slain by a worm

Levels and vault maps discovered:
D:1:      tarquinn_simple_flora_water_f, layout_basic, minmay_tromino_v4_b
D:2:      layout_basic, kiku_gazebo_pond_becter, hangedman_decor_push

Action                   || total
-------------------------++-------
Melee: Unarmed           ||    28
       Tailslap          ||     6
       Club              ||    12
 Cast: Magic Dart        ||    55
  Eat: Chunk             ||     3
Armor: Skin              ||    24
Dodge: Dodged            ||    42

Table legend:
 A = Non-vault XP
 B = Vault XP
 C = Vault XP percentage of total XP
 D = Non-vault monster count
 E = Vault monster count
 F = Vault count percentage of total count
                 A         B        C        D         E       F
            +---------+---------+-------+---------+---------+-------
      Total |      52 |       1 |   1.9 |      26 |       1 |   3.7
            +---------+---------+-------+---------+---------+-------
        D:1 |      52 |       1 |   1.9 |      26 |       1 |   3.7
            +---------+---------+-------+---------+---------+-------
